 Dungeon Crawl Stone Soup version 0.27-a0-1331-g60ef6b6952 (webtiles) character file.

Game seed: 13822589980496997977

4716 HAL9000 the Covert (level 10, -14/51 (53) HPs)
             Began as a Vine Stalker Brigand on June 25, 2021.
             Was a Follower of Dithmenos.
             Shot with an arrow by a centaur warrior (27 damage)
             ... on level 9 of the Dungeon.
             The game lasted 00:18:26 (8372 turns).

HAL9000 the Covert (Vine Stalker Brigand)           Turns: 8372, Time: 00:18:26

HP:   -14/51 (53)   AC:  7    Str: 17    XL:     10   Next: 45%
MP:   0/11          EV: 11    Int: 14    God:    Dithmenos [*.....]
Gold: 422           SH:  0    Dex: 16    Spells: 9/9 levels left

rFire    + . .     SeeInvis +   P - +2 dagger (drain)
rCold    . . .     Faith    .   (no shield)
rNeg     + . .     Spirit   +   A - +2 robe {rN+}
rPois    .         Reflect  .   K - +0 helmet {Int+3}
rElec    .         Harm     .   c - +0 cloak
rCorr    .         Rampage  .   (no gloves)
Will     +....                  s - +0 pair of boots
Stlth    +++++.....             N - amulet of regeneration
HPRegen  2.17/turn              j - ring of see invisible
MPRegen  0.12/turn              p - ring of protection from fire

@: wreathed by umbra, lightly drained
A: fangs 3, regeneration 1, magic shield, antimagic bite, no potion heal 2
a: Renounce Religion


You were on level 9 of the Dungeon.
You worshipped Dithmenos.
Dithmenos was aware of your devotion.
You visited 2 branches of the dungeon, and saw 11 of its levels.
You also visited: Sewer and Ossuary.

You collected 422 gold pieces.

Inventory:

Hand Weapons
 a - a +2 dagger
 m - a +2 dagger of speed
 n - a +1 vampiric dagger
 P - a +2 dagger of draining (weapon)
Missiles
 d - 54 poisoned darts
 v - 2 curare-tipped darts
 x - 11 boomerangs
 D - 3 throwing nets (quivered)
Armour
 c - a +0 cloak (worn)
 s - a +0 pair of boots (worn)
 A - a +2 robe of positive energy (worn)
 B - a scarf of resistance
 K - a +0 helmet of intelligence (worn)
 M - +0 steam dragon scales
Jewellery
 j - a ring of see invisible (left hand)
 p - a ring of protection from fire (right hand)
 w - a ring of flight
 H - a ring of positive energy
 N - an amulet of regeneration (around neck)
Wands
 L - a wand of acid (6)
Scrolls
 g - 3 scrolls of enchant armour {unknown}
 h - 2 scrolls of summoning {unknown}
 i - 3 scrolls of teleportation {unknown}
 l - a scroll of brand weapon {unknown}
 o - 3 scrolls of blinking {unknown}
 q - 2 scrolls of noise {unknown}
 r - a scroll of immolation {unknown}
 t - a scroll of vulnerability {unknown}
 y - a scroll of magic mapping {unknown}
 E - a scroll of amnesia {unknown}
 G - 2 scrolls of fear {unknown}
 J - 3 scrolls of fog
 O - 2 scrolls of identify
Potions
 b - a potion of mutation {unknown}
 e - a potion of cancellation
 f - 5 potions of curing
 k - a potion of ambrosia
 z - 6 potions of flight
 C - 2 potions of haste
 F - a potion of invisibility {unknown}
 I - 2 potions of lignification {unknown}


   Skills:
 - Level 6.0 Fighting
 + Level 10.4 Short Blades
 - Level 1.7 Throwing
 - Level 0.7 Dodging
 - Level 11.1 Stealth


You had 9 spell levels left.
You didn't know any spells.
Your spell library contained the following spells:

 Spells                   Type           Power      Damage    Failure   Level
 Beastly Appendage        Tmut           0%         N/A       28%         1
 Freeze                   Ice            0%         1d3       28%         1
 Wereblood                Tmut           0%         N/A       41%         2
 Frozen Ramparts          Ice            0%         1d2       65%         3
 Ozocubu's Armour         Ice            0%         N/A       65%         3
 Spider Form              Tmut/Pois      0%         N/A       65%         3
 Hailstorm                Conj/Ice       0%         3d3       96%         4
 Ice Form                 Ice/Tmut       0%         N/A       96%         4
 Metabolic Englaciation   Hex/Ice        0%         N/A       100%        5


Dungeon Overview and Level Annotations

Branches:
Dungeon (10/15)            Temple (1/1) D:4           Sewer (visited)
Ossuary (visited)
   Lair: D:8-11         Orc: D:9-12

Altars:
Ashenzari
Cheibriados
Dithmenos
Fedhas
Gozag
Kikubaaqudgha
Makhleb
Nemelex Xobeh
Okawaru
Qazlal
Ru
Sif Muna
Vehumet
Wu Jian
Yredelemnul
Zin
The Shining One

Shops:
D:4 *   D:7 =

Annotations:
D:4 Menkaure
D:7 Joseph


Innate Abilities, Weirdness & Mutations

You have razor-sharp teeth.
Your natural rate of healing is unusually fast.
When hurt, damage is shared between your health and your magic reserves.
Your bite disrupts and absorbs the magic of your enemies.
Potions cannot restore your health.


Message History

You open the door.
There is an open door here.
You open the door.
There is an open door here.
Key pressed, stopping explore.
Unknown command.
You open the door.
There is an open door here.
Found a dagger.
f - 5 potions of curing (gained 1)
A centaur warrior comes into view.
The centaur warrior shouts!
The centaur warrior wields a +0 longbow.
The centaur warrior shoots an arrow.
The arrow hits you!
A bullfrog comes into view.
The centaur warrior shoots an arrow.
The arrow hits you!
You see here a +0 dagger.
You hit the bullfrog. You drain the bullfrog. Your bite misses the bullfrog.
The bullfrog is moderately wounded.
The bullfrog hits you.
You miss the bullfrog. Your bite misses the bullfrog.
The bullfrog is moderately wounded.
The bullfrog hits you but does no damage.
You hit the bullfrog. You drain the bullfrog.
The bullfrog is heavily wounded.
You hit the bullfrog. You drain the bullfrog. Your bite misses the bullfrog.
The bullfrog is almost dead.
The bullfrog hits you but does no damage.
You hit the bullfrog.
You kill the bullfrog!
Dithmenos accepts your kill.
You see here a bullfrog corpse.
You see here a +0 dagger.
The centaur warrior shoots an arrow.
The arrow hits you!!
The centaur warrior shoots an arrow.
The arrow hits you!!
Ouch! That really hurt!
* * * LOW HITPOINT WARNING * * *
The centaur warrior shoots an arrow.
The arrow hits you!!
Ouch! That really hurt!
You die...

...$. #.c.# ##...##
#8...8 #...# #...#
###############...##
.............#8...8#
############†##)@.##
# #......# ########


You could see a centaur warrior.

Vanquished Creatures
  Harold (D:6)
  7 centaur zombies
  A gargoyle (D:10)
  A yak (D:10)
  2 steam dragons
  A water moccasin (D:6)
  An ice beast (D:6)
  A sky beast (D:7)
  3 ogres
  A phantom (D:5)
  4 kobold brigands
  An elf zombie (Ossuary)
  Blork the orc (D:4)
  3 bullfrogs
  3 scorpions
  A wyvern zombie (D:9)
  A water moccasin skeleton (D:6)
  A bullfrog zombie (D:5)
  A hound (D:4)
  A centaur skeleton (D:5)
  4 orc priests
  2 jellies
  A bullfrog skeleton (D:6)
  Terence (D:3)
  An iguana (D:4)
  2 orc wizards
  A killer bee zombie (D:9)
  3 mummies (Ossuary)
  A hound skeleton (D:4)
  Robin (D:3)
  2 howler monkey zombies
  14 gnolls
  8 adders
  2 river rats (Sewer)
  2 shadow imps (D:5)
  A white imp (D:5)
  3 adder zombies (Ossuary)
  4 worms
  4 dart slugs
  14 orcs
  4 ball pythons
  5 endoplasms
  6 giant cockroaches
  A gnoll zombie (Ossuary)
  22 goblins
  8 hobgoblins
  A jackal (Sewer)
  19 kobolds
  5 quokkas
  5 bats
  A frilled lizard (D:3)
  3 goblin zombies (Ossuary)
  4 hobgoblin zombies (Ossuary)
  4 kobold zombies (Ossuary)
  A quokka zombie (Ossuary)
  5 rats
  A rat zombie (Ossuary)
202 creatures vanquished.

Vanquished Creatures (others)
  A plant (D:3)
1 creature vanquished.

Grand Total: 203 creatures vanquished

Notes
Turn   | Place    | Note
-------+----------+-------------------------------------------
     0 | D:1      | HAL9000 the Vine Stalker Brigand began the quest for the
                  | Orb.
     0 | D:1      | Reached XP level 1. HP: 11/11 MP: 2/2
   122 | D:1      | Found a faded altar of an unknown god.
   186 | D:1      | Reached XP level 2. HP: 7/15 MP: 1/3
  1131 | D:2      | Reached XP level 3. HP: 18/18 MP: 4/4
  1574 | D:2      | Gained mutation: Your natural rate of healing is unusually
                  | fast. [Vine Stalker growth]
  1574 | D:2      | Reached XP level 4. HP: 16/23 MP: 2/5
  2283 | D:3      | Noticed Robin
  2293 | D:3      | Noticed Terence
  2326 | D:3      | Killed Robin
  2327 | D:3      | Reached XP level 5. HP: 13/26 MP: 4/6
  2345 | D:3      | Killed Terence
  2443 | D:3      | Found a glowing golden altar of the Shining One.
  2581 | D:3      | Found a stormy altar of Qazlal.
  2626 | D:3      | Reached skill level 5 in Short Blades
  2804 | D:3      | Found a glowing drain.
  2846 | Sewer    | Entered a sewer
  2865 | Sewer    | Reached XP level 6. HP: 30/30 MP: 7/7
  3108 | Sewer    | Found a glowing silver altar of Zin.
  3590 | D:4      | Noticed Blork the orc
  3594 | D:4      | Killed Blork the orc
  3660 | D:4      | Reached skill level 5 in Stealth
  3840 | D:4      | Reached XP level 7. HP: 34/34 MP: 8/8
  3942 | D:4      | Noticed Menkaure
  4051 | D:4      | Reached skill level 6 in Stealth
  4368 | D:4      | Found Joch's CLEARANCE SALE! EVERYTHING MUST GO!.
  4447 | D:4      | Found a staircase to the Ecumenical Temple.
  4507 | Temple   | Entered the Ecumenical Temple
  4810 | D:5      | Entered Level 5 of the Dungeon
  4859 | D:5      | Reached skill level 7 in Stealth
  4897 | D:5      | HP: 1/35 [poisoned by a scorpion]
  4970 | D:5      | Reached skill level 8 in Stealth
  5063 | D:5      | Gained mutation: You have razor-sharp teeth. [Vine Stalker
                  | growth]
  5063 | D:5      | Reached XP level 8. HP: 34/39 MP: 7/9
  5347 | D:5      | Found an iron altar of Okawaru.
  5354 | D:5      | Reached skill level 9 in Stealth
  5917 | D:6      | Reached skill level 10 in Stealth
  5942 | D:6      | Found a sand-covered staircase.
  5949 | Ossuary  | Entered an ossuary
  6303 | D:6      | Found a sparkling altar of Nemelex Xobeh.
  6345 | D:6      | Reached skill level 11 in Stealth
  6789 | D:6      | Reached XP level 9. HP: 30/44 MP: 7/10
  6848 | D:6      | Found a burning altar of Makhleb.
  6848 | D:6      | Found a shimmering blue altar of Sif Muna.
  7299 | D:7      | Noticed Harold
  7492 | D:6      | Killed Harold
  7711 | D:7      | Found a shadowy altar of Dithmenos.
  7716 | D:7      | Reached skill level 5 in Fighting
  7724 | D:7      | Became a worshipper of Dithmenos the Shadowed
  7756 | D:7      | Noticed Joseph
  7900 | D:7      | Found Maqyoggi's Jewellery Shop.
  7955 | D:7      | You fall into a shaft and drop 3 floors!
  7955 | D:10     | Entered Level 10 of the Dungeon
  7991 | D:10     | Reached XP level 10. HP: 53/53 MP: 11/11
  8018 | D:10     | Noticed a gargoyle
  8071 | D:10     | Killed a gargoyle
  8091 | D:10     | Reached skill level 10 in Short Blades
  8205 | D:9      | Found a basalt altar of Yredelemnul.
  8239 | D:9      | Reached * piety under Dithmenos
  8344 | D:9      | Noticed a centaur warrior
  8372 | D:9      | Shot with an arrow by a centaur warrior

Illustrated notes

Levels and vault maps discovered:
D:1:      lemuel_arrival_tunnels, layout_basic, shapermc_ecumenical_altar_gd,
          st_stairs_10
D:2:      layout_loops_corners
D:3:      layout_basic, tso_oasis_becter, grunt_qazlal_clouds,
          gup_sewer_entry_pipe, uniq_robin, uniq_terence
D:4:      layout_gridville, minmay_temple_entry_poolview,
          minmay_misc_feat_enclosed, nicolae_shop_clearance, uniq_blork_the_orc,
          uniq_menkaure
D:5:      layout_loops_ring, kennysheep_little_box, serial_rivers,
          chequers_serial_rivers_micro_c, chequers_serial_rivers_micro_b,
          chequers_serial_rivers_large_b, chequers_serial_rivers_small_a,
          minmay_misc_feat_more_columns, grunt_ministairs_11
D:6:      layout_gridville, gammafunk_temple_overflow_wave,
          nemelex_spade_bored_becter, enter_ossuary_1
D:7:      layout_basic, grunt_dithmenos_smoke_and_mirrors,
          lemuel_coloured_pillars_altar, general_overflow_altar,
          amcnicky_altar_gilded, serial_shops, nicolae_diamond_shop,
          item_on_display_a, uniq_harold, uniq_joseph
D:8:      layout_gridville, nicolae_uskayaw_murder_on_the_dancefloor,
          serial_glass, glass_columns_a, glass_columns_a, uniq_maurice,
          uniq_prince_ribbit1, uniq_maggie, uniq_grum
D:9:      layout_roguey, nicolae_yredelemnul_corpse_copse, serial_corexii_hall,
          corexii_hall_statues_x, corexii_hall_statues_x,
          kennysheep_generic_room_10
D:10:     layout_rooms, dk_xom_monty_hall, gammafunk_ghost_hive
Temple:   compressed_dpeg_triangle_lava_temple

Skill      XL: |  1  2  3  4  5  6  7  8  9 10 |
---------------+-------------------------------+-----
Short Blades   | 2 3 4 5 6 9 10 | 10.4
Stealth        | 5 8 11 | 11.1
Fighting       | 2 3 5 6 |  6.0
Throwing       | |  1.7
Dodging        | |  0.7

Action                   |  1- 3 |  4- 6 |  7- 9 | 10-12 || total
-------------------------+-------+-------+-------+-------++-------
Melee: Dagger            |    65 |   300 |   487 |   125 ||   977
       Bite              |    13 |    74 |   171 |    47 ||   305
Throw: Dart              |     6 |     2 |    33 |       ||    41
       Throwing net      |       |       |       |     1 ||     1
  Use: Scroll            |       |     3 |     4 |       ||     7
 Stab: Sleeping          |     7 |    12 |    23 |     1 ||    43
       Distracted        |       |     2 |     2 |     2 ||     6
       Held in net/web   |       |       |       |     1 ||     1
Armor: Robe              |    11 |    50 |   130 |    44 ||   235
Dodge: Dodged            |    29 |   103 |   203 |    49 ||   384

Table legend: (Time is in decaauts)
 A = Elapsed time spent in this place.
 B = Non-inter-level travel time spent in this place.
 C = Inter-level travel time spent in this place.
 D = Time resting spent in this place.
 E = Time spent auto-exploring this place.
 F = Levels seen in this place.
 G = Mean time per level.
                   A        B        C        D        E       F      G
               +--------+--------+--------+--------+--------+-----+--------+
         Total |   8136 |   7829 |    307 |    774 |   5045 |  13 |  625.8 |
       Dungeon |   7309 |   7020 |    289 |    765 |   4550 |  10 |  730.9 |
        Temple |    264 |    246 |     18 |      0 |    234 |   1 |  264.0 |
         Sewer |    366 |    366 |      0 |      0 |    192 |   1 |  366.0 |
       Ossuary |    196 |    196 |      0 |      9 |     68 |   1 |  196.0 |
               +--------+--------+--------+--------+--------+-----+--------+

Top non-repeatable levels by time:
     D:6: 1353 daAuts
     D:2: 1328 daAuts
     D:5: 1062 daAuts
     D:3: 1008 daAuts
     D:4: 949 daAuts
     D:1: 877 daAuts
   Sewer: 366 daAuts
     D:7: 347 daAuts
  Temple: 264 daAuts
     D:9: 226 daAuts
 Ossuary: 196 daAuts
    D:10: 102 daAuts
     D:8: 54 daAuts
